Map: 로스트 앤 파운드 - 래더

Players

Elazer - Winner!

  • Race: Zerg Zerg
  • Spawn Location: 7:00

Creator

  • Race: Protoss Protoss
  • League: Master
  • Spawn Location: 1:00

Event: HomeStory Cup XVIII

VOD

Have the link to the VOD?

Description

Time

  • Played on: Nov. 22, 2018, 4:36 p.m.
  • Length: 9:46

All games in this series

Show
View Real Time Build Order
Export as new Build Order

Elazer Zerg - Winner!

Build Orders: Hatch First 

Get SALT Encoding   

  12  0:00  Drone  
  13  0:12  Overlord  
  13  0:16  Drone  
  14  0:31  Drone x2  
  16  0:48  Hatchery  
  15  0:51  Drone  
  15  0:54  Drone  
  17  0:57  Drone  
  18  1:07  Extractor  
  17  1:12  Spawning Pool  
  17  1:15  Drone  
  17  1:19  Drone  
  18  1:28  Drone  
  19  1:38  Drone  
  20  1:50  Overlord  
  20  1:59  Queen x2  
  20  2:00  Zergling x4  
  26  2:10  Drone  
  26  2:12  Drone  
  26  2:13  Metabolic Boost  
  28  2:21  Drone  
  28  2:22  Drone  
  30  2:32  Drone  
  30  2:33  Drone  
  32  2:39  Hatchery  
  32  2:44  Queen  
  31  2:48  Overlord  
  33  2:52  Drone  
  33  2:56  Drone x2  
  36  3:07  Drone x3  
  36  3:09  Drone x4  
  43  3:13  Overlord  
  43  3:20  Extractor, Queen  
  43  3:23  Overlord  
  45  3:32  Drone x2  
  45  3:33  Drone  
  48  3:37  Evolution Chamber  
  47  3:41  Drone x4  
  47  3:44  Spore Crawler  
  47  3:45  Spore Crawler  
  47  3:46  Drone  
  50  3:51  Overlord, Spore Crawler  
  50  3:52  Drone  
  50  3:56  Drone x2  
  50  4:02  Queen  
  54  4:05  Zerg Melee Weapons Level 1  
  54  4:08  Drone x2  
  56  4:10  Drone  
  56  4:13  Drone x2  
  56  4:14  Drone  
  60  4:18  Drone x2  
  60  4:22  Overlord  
  62  4:25  Drone x3  
  65  4:31  Overlord  
  65  4:32  Drone  
  66  4:42  Zergling x10  
  70  4:49  Zergling x6  
  73  4:53  Extractor, Lair  
  73  4:54  Extractor  
  73  4:58  Overlord  
  73  4:59  Zergling x2  
  73  5:00  Zergling x4  
  73  5:01  Drone x2  
  73  5:02  Drone  
  73  5:05  Hatchery  
  76  5:09  Overlord  
  76  5:12  Drone x5  
  81  5:21  Overlord  
  81  5:22  Drone x2  
  81  5:24  Queen  
  81  5:26  Queen  
  81  5:28  Overlord  
  86  5:29  Drone x4  
  86  5:30  Drone  
  86  5:35  Overlord  
  91  5:41  Overlord x2  
  91  5:44  Extractor  
  91  5:45  Extractor, Drone x3  
  92  5:53  Overlord x3  
  92  5:54  Hydralisk Den  
  90  5:59  Queen, Drone x5  
  90  6:01  Drone x2  
  96  6:04  Drone x2  
  96  6:07  Zerg Melee Weapons Level 2  
  96  6:08  Extractor  
  96  6:09  Drone  
  96  6:10  Drone  
  99  6:15  Drone x3  
  99  6:16  Drone  
  102  6:20  Drone x3  
  101  6:29  Drone x2  
  101  6:30  Drone  
  101  6:31  Drone  
  105  6:37  Overlord  
  105  6:40  Overlord  
  105  6:41  Grooved Spines  
  105  6:43  Baneling Nest  
  105  6:45  Spore Crawler  
  103  6:47  Spore Crawler  
  103  6:51  Overlord  
  101  6:58  Drone x3  
  101  6:59  Drone x8  
  101  7:00  Drone  
  111  7:07  Hydralisk  
  113  7:14  Hydralisk x6  
  125  7:20  Overlord  
  125  7:22  Hydralisk x2, Spore Crawler  
  124  7:24  Hatchery  
  124  7:26  Centrifical Hooks  
  127  7:31  Overlord, Hydralisk x2  
  131  7:38  Hydralisk x2  
  131  7:42  Zergling x14  
  142  7:48  Baneling x12  
  142  7:55  Zergling x22  
  151  8:01  Hydralisk, Muscular Augments  
  151  8:03  Baneling x10  
  151  8:04  Baneling x8  
  150  8:14  Hydralisk  
  150  8:15  Hydralisk x2, Zergling x2  
  151  8:22  Zergling x2  
  151  8:23  Zergling x20  
  157  8:32  Zergling x8  
  149  8:39  Zergling x8  
  152  8:45  Hydralisk  
  154  8:49  Hydralisk x7  
  154  8:52  Zergling x10  
  173  9:01  Zergling x2  
  173  9:02  Zergling x6  
  170  9:04  Baneling x9  
  170  9:07  Zergling x4  
  168  9:10  Zergling x2  
  168  9:11  Zergling x2, Baneling  
  168  9:12  Baneling x3  
  168  9:13  Overlord  
  161  9:28  Zergling x36  
Show
View Real Time Build Order
Export as new Build Order

Creator Protoss 

Build Orders: 1 Gate Expand, Oracle Opening, Phoenix Opening, Archon Immortal 

Get SALT Encoding   

  12  0:00  Probe  
  13  0:12  Probe  
  14  0:19  Pylon  
  14  0:24  Probe  
  15  0:33  Probe  
  15  0:41  Gateway, Probe  
  16  0:46  Assimilator  
  17  0:51  Probe  
  18  1:03  Probe  
  19  1:15  Probe  
  20  1:23  Nexus  
  20  1:33  Cybernetics Core  
  20  1:36  Probe  
  21  1:41  Assimilator  
  21  1:48  Probe  
  21  1:52  Pylon  
  22  2:00  Probe  
  23  2:02  Adept  
  23  2:12  Probe  
  23  2:14  Stargate  
  26  2:23  Warp Gate  
  26  2:24  Probe  
  26  2:27  Adept  
  29  2:31  Probe  
  29  2:32  Probe  
  31  2:39  Probe  
  31  2:40  Probe  
  33  2:51  Probe  
  33  2:53  Gateway, Probe  
  33  2:55  Phoenix  
  35  3:04  Probe  
  38  3:06  Probe  
  38  3:10  Pylon  
  39  3:16  Probe  
  39  3:17  Oracle  
  39  3:18  Probe  
  41  3:26  Assimilator  
  44  3:28  Assimilator  
  44  3:30  Probe x2  
  46  3:35  Adept  
  46  3:40  Probe  
  46  3:41  Pylon  
  48  3:42  Probe  
  48  3:48  Probe  
  50  3:52  Stargate  
  50  3:54  Probe  
  52  3:56  Probe  
  52  4:00  Phoenix  
  55  4:06  Probe  
  55  4:08  Probe  
  55  4:09  Pylon  
  57  4:15  Gateway  
  57  4:18  Probe  
  57  4:21  Probe  
  59  4:25  Phoenix  
  61  4:31  Zealot  
  61  4:33  Pylon  
  61  4:35  Phoenix  
  65  4:44  Phoenix  
  65  4:52  Nexus  
  67  4:53  Phoenix  
  67  4:56  Shield Battery  
  67  5:03  Probe x2  
  71  5:13  Phoenix  
  73  5:21  Sentry  
  73  5:22  Twilight Council  
  73  5:24  Forge, Robotics Facility  
  75  5:29  Zealot  
  75  5:32  Probe x2  
  77  5:38  Pylon  
  77  5:39  Protoss Ground Weapons Level 1  
  77  5:40  Pylon  
  77  5:46  Probe  
  78  5:52  Charge, Gateway  
  78  5:53  Pylon, Gateway  
  78  5:56  Probe  
  79  5:58  Sentry  
  79  6:00  Probe  
  82  6:04  Probe  
  82  6:07  Immortal  
  82  6:09  Probe  
  88  6:25  Gateway  
  88  6:27  Gateway  
  88  6:29  Gateway, Probe  
  88  6:32  Probe  
  90  6:35  Templar Archives  
  90  6:38  Probe x2  
  91  6:40  Warp Prism  
  91  6:41  Assimilator  
  91  6:44  Pylon  
  91  6:46  Zealot  
  96  6:58  Probe  
  96  7:00  Probe  
  98  7:02  Zealot x4  
  106  7:10  Probe  
  106  7:11  Photon Cannon  
  107  7:16  Observer  
  107  7:19  Protoss Ground Weapons Level 2  
  107  7:20  Pylon  
  108  7:25  Probe  
  108  7:27  Pylon  
  109  7:31  High Templar x4  
  109  7:32  Zealot x4  
  109  7:35  Pylon  
  109  7:36  Archon x2  
  125  7:37  Pylon  
  125  7:40  Pylon  
  125  7:41  Immortal  
  125  7:42  Probe x2  
  125  7:43  Probe  
  132  7:52  Sentry x2  
  132  7:58  Zealot, Sentry  
  138  8:16  Zealot x6  
  136  8:23  Immortal  
  136  8:24  Probe x3  
  136  8:25  Zealot x2  
  107  8:36  Probe  
  107  8:37  Assimilator  
  104  8:42  High Templar x2, Zealot x4  
  104  8:47  High Templar, Archon  
  104  8:48  High Templar  
  118  8:52  Archon  
  118  8:53  Immortal  
  118  8:54  Nexus  
  118  8:56  Pylon  
  118  9:03  Probe x3  
  118  9:08  Sentry  
  123  9:12  Zealot x3  
  123  9:15  Robotics Facility  
  129  9:20  Zealot x4  
  95  9:34  Zealot x2  
  95  9:37  Zealot x2  
  99  9:41  Zealot x4  
Tags
 
Add a new tag
Caveats
  • Supply blocks, unpowered buildings, or Contaminate may cause inaccurate times.
  • Supply counts are checked every 10 seconds.